 Dungeon Crawl Stone Soup version 0.25-a0-665-ga69d64035b (webtiles) character file.

Game seed: 1467637409153775324, levelgen mode: deterministic

1569 Esekla the Stinger (level 8, -2/52 HPs)
             Began as an Octopode Venom Mage on Mar 26, 2020.
             Slain by an ice beast (13 damage)
             ... on level 7 of the Dungeon.
             The game lasted 01:09:54 (7684 turns).

Esekla the Stinger (Octopode Venom Mage)            Turns: 7684, Time: 01:09:54

Health: -2/52      AC:  1    Str: 10    XL:     8   Next: 90%
Magic:  8/15       EV: 15    Int: 18    God:
Gold:   312        SH:  0    Dex: 13    Spells: 5/16 levels left

rFire    . . .     SeeInvis .   w - +1 short sword (vamp)
rCold    . . .     Gourm    .   (no shield)
rNeg     + . .     Faith    .   (helmet restricted)
rPois    .         Spirit   .   (no amulet)
rElec    .         Reflect  .   o - ring of positive energy
rCorr    .         Harm     .   (no ring)
MR       .....                  (no ring)
Stlth    ++++......             (no ring)
HPRegen  0.17/turn              (no ring)
MPRegen  0.14/turn              (no ring)
                                (no ring)
                                (no ring)

@: mighty, stab, very slightly contaminated
A: almost no armour, stealthy swim, amphibious, 8 rings, constrict 8, camouflage
1, strong 1, gelatinous body 1
a: no special abilities


You were on level 7 of the Dungeon.
You were hungry.

You visited 2 branches of the dungeon, and saw 8 of its levels.
You also visited: Sewer.

You collected 312 gold pieces.

Inventory:

Hand Weapons
 k - a +4 dagger
 w - a +1 vampiric short sword (weapon)
Missiles
 n - 23 poisoned darts
 s - 8 boomerangs (quivered)
Jewellery
 o - a ring of positive energy (left tentacle)
 y - an uncursed ring of ice
Wands
 l - a wand of random effects (17)
 u - a wand of iceblast (13)
Scrolls
 a - 2 scrolls of magic mapping
 c - 4 scrolls of teleportation
 g - a scroll of fog {unknown}
 m - a scroll of immolation
 t - a scroll of remove curse
 x - 2 scrolls of enchant weapon {unknown}
 A - a scroll of acquirement {unknown}
 B - a scroll of enchant armour {unknown}
Potions
 d - a potion of haste {unknown}
 e - 4 potions of flight
 f - a potion of resistance
 h - a potion of mutation
 i - a potion of cancellation
 j - 5 potions of curing
 p - a potion of heal wounds
 r - a potion of brilliance
 v - 2 potions of lignification {unknown}
Comestibles
 b - 12 rations


   Skills:
 * Level 3.2 Fighting
 * Level 3.6 Short Blades
 + Level 0.6 Throwing
 + Level 4.0 Dodging
 + Level 4.7 Stealth
 * Level 4.9 Spellcasting
 * Level 3.0 Conjurations
 * Level 0.2 Translocations
 - Level 1.0 Transmutations
 * Level 0.2 Fire Magic
 + Level 3.8 Air Magic
 + Level 5.6 Poison Magic
 + Level 0.1 Evocations


You had 5 spell levels left.
You knew the following spells:

 Your Spells              Type           Power        Failure   Level  Hunger
a - Sting                 Tmut/Pois      ###.         3%          1    None
b - Blink                 Tloc           N/A          19%         2    #......
c - Mephitic Cloud        Conj/Pois/Air  ###.....     7%          3    ###....
f - Conjure Flame         Conj/Fire      ##......     21%         3    ###....
v - Poisonous Vapours     Pois/Air       ###...       2%          2    #......

Your spell library contained the following spells:

 Spells                   Type           Power        Failure   Level  Hunger
 Magic Dart               Conj           ###.         3%          1    None
 Olgreb's Toxic Radiance  Pois           ###.....     13%         4    ####...
 Ignite Poison            Fire/Tmut/Pois ##......     16%         3    ###....
 Call Imp                 Summ           #.......     21%         2    #......
 Slow                     Hex            #.......     21%         2    #......
 Iskenderun's Battlesphe  Conj/Chrm      #.......     89%         5    ######.
 Bolt of Magma            Conj/Fire/Erth #.........   93%         5    ######.
 Iron Shot                Conj/Erth      #.........   100%        6    #######
 Orb of Destruction       Conj           ###.......   100%        7    #######
 Spellforged Servitor     Conj/Summ      #.........   100%        7    #######


Dungeon Overview and Level Annotations

Branches:
Dungeon (7/15)             Temple (1/1) D:6           Sewer (visited)

Altars:
Ashenzari
Cheibriados
Dithmenos
Elyvilon
Fedhas
Gozag
Hepliaklqana
Kikubaaqudgha
Makhleb
Nemelex Xobeh
Okawaru
Qazlal
Ru
Sif Muna
Trog
Uskayaw
Vehumet
Wu Jian
Xom
Yredelemnul
Zin
The Shining One

Annotations:
D:6 Dowan, Duvessa


Innate Abilities, Weirdness & Mutations

You cannot wear most types of armour.
You are very stealthy in the water. (Stealth+)
You are amphibious.
You can wear up to eight rings at the same time.
You can use your tentacles to constrict eight enemies at once.
Your skin changes colour to match your surroundings (Stealth+).
Your rubbery body absorbs attacks. (AC +1, EV +1)
Your muscles are strong. (Str +2)


Message History

* * * LOW HITPOINT WARNING * * *
The orc wizard closely misses you.
You feel much better. The ice beast hits you. The ice beast freezes you!
The orc priest is engulfed in noxious fumes.
The orc priest appears confused.
The orc wizard hits you with a +0 dagger.
The orc hits you with a +0 flail!
* * * LOW HITPOINT WARNING * * *
The orc misses you.
The orc wizard mumbles some strange words.
The orc wizard blinks!
The orc priest says, "I'm a little confused."
The orc wizard casts a spell.
The orc wizard blinks!
The orc priest closely misses the orc.
The orc priest hits itself with a +0 flail!
The ice beast hits you.
* * * LOW HITPOINT WARNING * * *
The ice beast freezes you!
You die...

.##........ ..####
............ .....#
..........## .....#
#.........[###.....#
.###.##...............
.............<......#
#........o......####
#...Y..o.o.....#
##?@#.........##
#.#####.....## ##
#......# #.....##
##.##.# #.#### ###


You could see an orc warrior, an ice beast, an orc priest (confused) and an orc
wizard.

Vanquished Creatures
  Menkaure (D:5)
  2 ice beasts (D:5)
  2 ogres
  A black bear (D:6)
  A centaur (D:6)
  3 big kobolds (Sewer)
  A scorpion (D:4)
  A howler monkey (D:4)
  2 jellies
  2 hounds
  2 orc priests
  Ijyb (D:3)
  An iguana (D:4)
  2 orc wizards (D:4)
  3 worker ants
  A hound zombie (D:5)
  13 adders
  An adder skeleton (D:6)
  4 worms
  2 dart slugs
  9 leopard geckos
  13 orcs
  16 bats
  10 giant cockroaches
  8 hobgoblins
  13 jackals
  19 kobolds
  3 quokkas
  A ball python (D:1)
  8 frilled lizards
  7 goblins
  11 rats
164 creatures vanquished.

Notes
Turn   | Place    | Note
-------+----------+-------------------------------------------
     0 | D:1      | Esekla the Octopode Venom Mage began the quest for the Orb.
     0 | D:1      | Reached XP level 1. HP: 11/11 MP: 3/3
    96 | D:1      | Reached XP level 2. HP: 17/17 MP: 1/5
   100 | D:1      | Learned a level 2 spell: Poisonous Vapours
   247 | D:1      | Reached skill level 4 in Poison Magic
   834 | D:1      | Reached XP level 3. HP: 18/22 MP: 3/6
   908 | D:2      | Reached skill level 1 in Fighting
  1035 | D:2      | Learned a level 3 spell: Mephitic Cloud
  1095 | D:2      | Reached XP level 4. HP: 23/28 MP: 4/8
  1515 | D:1      | Reached skill level 1 in Short Blades
  1547 | D:2      | Reached skill level 1 in Air Magic
  1791 | D:3      | Reached XP level 5. HP: 33/33 MP: 9/9
  1820 | D:3      | Found a glowing drain.
  1856 | Sewer    | Entered a sewer
  2082 | Sewer    | Noticed a big kobold
  2082 | Sewer    | Noticed a big kobold
  2094 | Sewer    | Killed a big kobold
  2094 | Sewer    | Reached skill level 1 in Conjurations
  2106 | Sewer    | Killed a big kobold
  2106 | Sewer    | Reached XP level 6. HP: 13/38 MP: 1/10
  3110 | D:3      | Noticed Ijyb
  3118 | D:3      | Killed Ijyb
  3231 | D:3      | Reached XP level 7. HP: 45/45 MP: 6/12
  3865 | D:4      | Reached skill level 5 in Poison Magic
  4229 | D:2      | Gained mutation: Your body sometimes deteriorates upon
                  | taking damage. [potion of mutation]
  4229 | D:2      | Gained mutation: Your body often deteriorates upon taking
                  | damage. [potion of mutation]
  4229 | D:2      | Gained mutation: Your natural rate of healing is unusually
                  | fast. [potion of mutation]
  4232 | D:2      | Lost mutation: Your body often deteriorates upon taking
                  | damage. [potion of mutation]
  4232 | D:2      | Lost mutation: Your body sometimes deteriorates upon taking
                  | damage. [potion of mutation]
  4232 | D:2      | Lost mutation: Your natural rate of healing is unusually
                  | fast. [potion of mutation]
  4232 | D:2      | Gained mutation: Your muscles are strong. (Str +2) [potion
                  | of mutation]
  4742 | D:4      | Reached XP level 8. HP: 44/51 MP: 9/14
  4901 | D:5      | Entered Level 5 of the Dungeon
  5134 | D:6      | Found a staircase to the Ecumenical Temple.
  5197 | Temple   | Entered the Ecumenical Temple
  6336 | D:5      | Noticed Menkaure
  6574 | D:5      | Killed Menkaure
  7221 | D:5      | Learned a level 2 spell: Blink
  7225 | D:5      | Learned a level 3 spell: Conjure Flame
  7253 | D:6      | Noticed Duvessa
  7254 | D:6      | Noticed Dowan
  7658 | D:7      | Found a shattered altar of Ashenzari.
  7684 | D:7      | Slain by an ice beast

Levels and vault maps discovered:
D:1:      roderic_chinese_lattice_arrival, layout_loops_corners,
          minmay_splitting_lines
D:2:      wander_river, layout_rooms
D:3:      layout_loops_ring, gup_sewer_entry_pipe, uniq_ijyb
D:4:      layout_cave_pools, first_ration, supply_closet_lemuel
D:5:      layout_layer_cave, kennysheep_cluttered_room, uniq_menkaure
D:6:      layout_loops_cross, temple_statues, chequers_serial_rivers_micro_b,
          uniq_duvessa
D:7:      layout_cave_pools, ashenzari_conservatory_becter
Temple:   kilobyte_greek_temple

Skill      XL: |  1  2  3  4  5  6  7  8 |
---------------+-------------------------+-----
Poison Magic   | 4 5 |  5.6
Fighting       | 1 2 3 |  3.2
Stealth        | 3 4 |  4.7
Short Blades   | 1 2 3 |  3.6
Air Magic      | 1 2 3 |  3.8
Spellcasting   | 3 4 |  4.9
Conjurations   | 1 2 3 |  3.0
Dodging        | 3 4 |  4.0
Throwing       | |  0.6
Translocations | |  0.2
Transmutations | |  1.0
Fire Magic     | |  0.2
Evocations     | |  0.1

Action                   |  1- 3 |  4- 6 |  7- 9 || total
-------------------------+-------+-------+-------++-------
Melee: Unarmed           |    23 |       |       ||    23
       Constrict         |    12 |    22 |     9 ||    43
       Dagger            |    16 |    89 |    66 ||   171
       Tentacles         |     3 |    11 |    14 ||    28
       Short sword       |     1 |       |    12 ||    13
Throw: Boomerang         |       |       |     9 ||     9
 Cast: Sting             |     6 |     1 |     4 ||    11
       Poisonous Vapours |    21 |    39 |    64 ||   124
       Blink             |       |       |     2 ||     2
       Mephitic Cloud    |       |       |     1 ||     1
Evoke: Wand              |       |     3 |       ||     3
  Use: Scroll            |     4 |     3 |     6 ||    13
       Potion            |       |       |     9 ||     9
 Stab: Sleeping          |     3 |     7 |    10 ||    20
       Distracted        |       |       |     1 ||     1
  Eat: Chunk             |     1 |    10 |    11 ||    22
       Ration            |       |       |     1 ||     1
Armor: Skin              |    14 |     6 |     3 ||    23
Dodge: Dodged            |    49 |    69 |    54 ||   172

Table legend:
 A = Non-vault XP
 B = Vault XP
 C = Vault XP percentage of total XP
 D = Non-vault monster count
 E = Vault monster count
 F = Vault count percentage of total count
                 A         B        C        D         E       F
            +---------+---------+-------+---------+---------+-------
      Total |    1695 |     547 |  24.4 |     131 |      33 |  20.1
            +---------+---------+-------+---------+---------+-------
        D:1 |      54 |       0 |   0.0 |      26 |       0 |   0.0
        D:2 |     139 |       0 |   0.0 |      34 |       0 |   0.0
        D:3 |     132 |      57 |  30.2 |      29 |       8 |  21.6
        D:4 |     504 |       0 |   0.0 |      17 |       0 |   0.0
        D:5 |     464 |     172 |  27.0 |      15 |       1 |   6.2
        D:6 |     402 |       0 |   0.0 |      10 |       0 |   0.0
      Sewer |       0 |     318 | 100.0 |       0 |      24 | 100.0
            +---------+---------+-------+---------+---------+-------
